Match 40845552
Unlisted

Match 40845552
End
Scout Squad
Construct Weapon Support Center
Selects Heavy Weapons
M1919 Machine Gun Team
Bazooka Squad
M1919 Machine Gun Team
Construct Medical Station
Selects M2HB .50cal Heavy Machine Gun
M1919 Machine Gun Team
Mechanized Support Center
Construct Motor Pool
Selects Gallant Stand
Engineer Squad
Gallant Stand
M8 Greyhound Armored Car
Improvised Armor
Designate Forward Repair Station
Improved M9 Bazooka Rockets
Construct Barracks
Riflemen Squad
Riflemen Squad
Riflemen Squad
Selects Bolstered Team Weapons
Selects Assault Carriers
Selects Halftrack Strongpoints
Salvage Crew
M1918 Browning Automatic Rifles
Bazooka Squad
Gallant Stand
M3 75 mm Gun Motor Carriage
Rapid Repairs
Designate Forward Repair Station
M3 75 mm Gun Motor Carriage
Gallant Stand
Designate Forward Repair Station
Engineer Squad
Selects M26 Pershing Heavy Tank
Engineer Squad
Gallant Stand
M26 Pershing Heavy Tank
Designate Forward Repair Station
Grenade Package
Bazooka Squad
nilshousker
cannot compute
0
0

Comments sign in to comment!

No comments posted yet!